 Dungeon Crawl Stone Soup version 0.23-a0-172-g8f65603 (webtiles) character file.

5115 CozyGlow the Grappler (level 10, -1/93 HPs)
             Began as a Troll Chaos Knight on Sept 15, 2018.
             Shot with a bolt by an orc (10 damage)
             ... in a bailey.
             The game lasted 00:39:55 (7507 turns).

CozyGlow the Grappler (Troll Chaos Knight)          Turns: 7507, Time: 00:39:55

Health: -1/93      AC: 11    Str: 22    XL:     10   Next: 32%
Magic:  9/9        EV: 16    Int:  8    God:    Xom [....*.]
Gold:   583        SH:  0    Dex: 14    Spells: 9/9 levels left

rFire    . . .     SeeInvis .     - Unarmed
rCold    . . .     Gourm    +   (no shield)
rNeg     . . .     Faith    .   a - +2 robe
rPois    .         Spirit   .   (helmet restricted)
rElec    .         Reflect  .   C - +0 cloak
rCorr    .         Harm     .   (gloves unavailable)
MR       +....                  (boots unavailable)
Stlth    ++........             (no amulet)
HPRegen  0.65/turn              f - ring of stealth
MPRegen  0.11/turn              e - ring of protection from magic

@: no status effects
A: large, unfitting armour, claws 3, talons 1, repulsion field 1, iridescent
scales 1, thin metallic scales 1, agile 1, blink, blurry vision 1, deformed
body, fast metabolism 3, frail 1, gourmand, regeneration 1, shaggy fur 1, tough
skin 2
a: Blink, Renounce Religion


You were in a bailey.
You worshipped Xom.
You were a beloved toy of Xom.
You were very full.

You visited 1 branch of the dungeon, and saw 9 of its levels.
You also visited: Sewer, Ossuary and Bailey.

You collected 583 gold pieces.

Inventory:

Hand Weapons
 n - a +0 hunting sling
 N - the +7 mace of Variability {chain chaos}
   (You found it on level 8 of the Dungeon)

   Each time it hits an enemy it has a different, random effect.
Missiles
 l - 28 poisoned needles
 q - a throwing net (quivered)
 u - 2 javelins of returning
 x - 152 stones
Armour
 a - a +2 robe (worn)
 k - a +0 leather armour
 o - a +0 chain mail
 C - a +0 cloak (worn)
 G - a +0 pair of gloves
Jewellery
 e - a ring of protection from magic (right claw)
 f - a ring of stealth (left claw)
 t - an uncursed ring of stealth
 M - an uncursed ring of positive energy {unknown}
 P - an uncursed ring of poison resistance {unknown}
Wands
 J - a wand of acid (21)
 K - a wand of scattershot (7)
 L - a wand of flame (26)
Scrolls
 c - a scroll of enchant armour
 g - 5 scrolls of amnesia
 j - 6 scrolls of remove curse
 m - 9 scrolls of identify
 s - 4 scrolls of teleportation
 v - 2 scrolls of enchant weapon
 w - a scroll of fear
 y - a scroll of random uselessness
 D - 2 scrolls of blinking
Potions
 d - 3 potions of brilliance
 h - 3 potions of curing
 i - a potion of invisibility {unknown}
 p - 3 potions of heal wounds
 r - a potion of haste
 z - a potion of might {unknown}
 A - a potion of cancellation {unknown}
 B - 2 potions of degeneration
 E - a potion of magic {unknown}
 F - a potion of berserk rage {unknown}
 H - 2 potions of ambrosia {unknown}
 I - a potion of resistance {unknown}
Comestibles
 b - 17 rations


   Skills:
 + Level 7.9 Fighting
 + Level 7.7 Dodging
 + Level 9.4 Unarmed Combat


You had 9 spell levels left.
You didn't know any spells.
Your spell library was empty.

Dungeon Overview and Level Annotations

Branches:
Dungeon (9/15)             Temple (0/1) D:5
   Lair: D:8-11         Orc: D:9-12

Altars:
Ashenzari
Cheibriados
Elyvilon
Gozag
Kikubaaqudgha
Makhleb
Okawaru
Qazlal
Xom
Beogh

Annotations:
D:5 Edmund, Grinder
D:8 3 runed doors, HarryHood's ghost, novice GrBe; Senri's ghost, novice DrTm


Innate Abilities, Weirdness & Mutations

You are too large for most types of armour.
You have claws for hands.
Your metabolism is lightning-fast.
You like to eat raw meat.
Your natural rate of healing is unusually fast.
You are covered in fur. (AC +1)
You have very tough skin. (AC +2)
You have sharp toenails.
You are surrounded by a mild repulsion field. (EV +2)
You are partially covered in iridescent scales. (AC +2)
You are partially covered in thin metallic scales. (AC +2)
You are agile. (Dex +2)
You can translocate small distances at will.
Scrolls take you a little longer to read.
Armour fits poorly on your strangely shaped body.
You are frail. (-10% HP)


Message History

As you read the scroll of teleportation, it crumbles to dust.
You feel strangely unstable.
The orc warrior wields an uncursed arbalest.
The orc warrior shoots a bolt.
The bolt closely misses your quasit. The bolt barely misses you.
All of the chunks of flesh in your inventory have rotted away.
The orc warrior shoots a bolt.
The bolt barely misses your quasit. The bolt misses you.
Your surroundings suddenly seem different.
An orc comes into view. It is wielding an arbalest.
The orc shoots a bolt.
The bolt hits you!
* * * LOW HITPOINT WARNING * * *
Xom thinks this is hilarious!
You hear a shout!
Found a bolt.
Found a gate leading back out of this place.
Found a gate leading back out of this place.
The orc shoots a bolt.
The bolt hits you!
You die... "What!?
That's it?"

#...............#
#.......≈≈≈ ≈....###
#......≈≈# #≈≈......
#......≈##o∩#≈......
#......≈..^..≈......
#....(.≈## #≈.....(
#......≈≈#. ≈≈o.....
#.......≈≈≈≈≈.......
#..@................
#...................
#...........o.......
#...................
#...................
#∩..................
########### ########


You could see an orc.

Vanquished Creatures
  Maurice (D:9)
  A wraith (Ossuary)
  4 hogs (D:8)
  A hungry ghost (D:7)
  A human (D:8)
  2 chaos spawn (D:8)
  6 bullfrogs
  An ice beast (D:6)
  2 orc warriors
  A sky beast (D:3)
  2 ogres
  3 centaurs
  An elf zombie (Ossuary)
  A gnoll sergeant (D:7)
  A scorpion (D:8)
  A jelly (D:9)
  7 killer bees
  8 wights
  4 howler monkeys
  3 crimson imps
  2 human zombies (Ossuary)
  Crazy Yiuf (D:6)
  7 orc priests
  2 bullfrog skeletons
  2 iguanas
  7 orc wizards
  5 worker ants
  2 hound zombies
  A hound skeleton (D:7)
  3 mummies (Ossuary)
  11 gnolls
  10 adders
  2 river rats (D:5)
  A shadow imp (D:7)
  2 oozes (D:2)
  An adder skeleton (D:4)
  3 adder zombies
  6 worms
  3 dart slugs
  5 leopard geckos
  27 orcs
  6 ball pythons
  13 giant cockroaches
  A gnoll zombie (Ossuary)
  14 goblins
  10 hobgoblins
  7 jackals
  9 kobolds
  A quokka (D:3)
  5 bats
  9 frilled lizards
  A giant cockroach zombie (D:6)
  A goblin zombie (Ossuary)
  3 hobgoblin zombies (Ossuary)
  2 kobold zombies (Ossuary)
  6 rats
242 creatures vanquished.

Vanquished Creatures (collateral kills)
  A scorpion (D:6)
  A wight (D:6)
  A howler monkey (D:6)
  A leopard gecko skeleton (D:6)
  A quokka zombie (D:6)
5 creatures vanquished.

Vanquished Creatures (others)
  An ogre (D:5)
  4 jackals (D:2)
  2 withered plants (D:8)
7 creatures vanquished.

Grand Total: 254 creatures vanquished

Notes
Turn   | Place    | Note
-------+----------+-------------------------------------------
     0 | D:1      | CozyGlow the Troll Chaos Knight began the quest for the
                  | Orb.
     0 | D:1      | Reached XP level 1. HP: 22/22 MP: 0/0
   165 | D:1      | XOM: harmless Air miscast
   240 | D:1      | XOM: divination: detect creatures
   243 | D:1      | Reached XP level 2. HP: 29/29 MP: 1/1
   558 | D:2      | XOM: 1-stop teleportation journey
   562 | D:2      | Reached XP level 3. HP: 36/36 MP: 2/2
   684 | D:2      | Found a shattered altar of Ashenzari.
   716 | D:2      | XOM: give mutations
   716 | D:2      | Gained mutation: You are partially covered in thin metallic
                  | scales. (AC +2) [Xom's grace]
   716 | D:2      | Gained mutation: You can translocate small distances at
                  | will. [Xom's grace]
   716 | D:2      | Gained mutation: You have sharp toenails. [Xom's grace]
   834 | D:2      | Reached XP level 4. HP: 37/45 MP: 3/3
   847 | D:2      | XOM: stat loss: -1 Str (19/20)
  1190 | D:2      | XOM: fog
  1450 | D:3      | Reached skill level 4 in Unarmed Combat
  1492 | D:3      | Noticed a sky beast
  1492 | D:3      | XOM: cleaving
  1512 | D:3      | Killed a sky beast
  1512 | D:3      | Reached XP level 5. HP: 53/53 MP: 4/4
  1650 | D:2      | XOM: cloud trail
  1680 | D:2      | XOM: scenery: create altars
  1859 | D:3      | Found a roughly hewn altar of Beogh.
  1865 | D:3      | Reached XP level 6. HP: 44/62 MP: 5/5
  1875 | D:3      | XOM: confuse monster(s)
  1889 | D:3      | XOM: noise
  1922 | D:3      | XOM is BORED!
  2037 | D:3      | Reached skill level 5 in Unarmed Combat
  2194 | D:3      | Found an ancient bone altar of Kikubaaqudgha.
  2405 | D:4      | XOM: enchant monster (bad)
  2432 | D:4      | Reached XP level 7. HP: 42/71 MP: 6/6
  2445 | D:4      | Found an opulent altar of Gozag.
  2680 | D:4      | XOM: mild Fire miscast
  2695 | D:4      | XOM: summons 4 hostile shadow creatures
  2710 | D:4      | XOM: give mutations
  2710 | D:4      | Gained mutation: You are surrounded by a mild repulsion
                  | field. (EV +2) [Xom's mischief]
  2710 | D:4      | Gained mutation: Armour fits poorly on your strangely
                  | shaped body. [Xom's mischief]
  2710 | D:4      | Gained mutation: You are frail. (-10% HP) [Xom's mischief]
  2876 | D:4      | XOM: silly message
  2935 | D:5      | Entered Level 5 of the Dungeon
  2950 | D:5      | Found a white marble altar of Elyvilon.
  3123 | D:5      | Found an iron altar of Okawaru.
  3125 | D:5      | XOM: noise
  3130 | D:5      | XOM: enchant monster (good)
  3175 | D:5      | Reached skill level 6 in Unarmed Combat
  3186 | D:5      | XOM: polymorph rat -> river rat
  3192 | D:5      | Reached skill level 5 in Fighting
  3203 | D:5      | Found a glowing drain.
  3209 | Sewer    | Entered a sewer
  3210 | Sewer    | XOM: give mutations
  3210 | Sewer    | Gained mutation: You are partially covered in iridescent
                  | scales. (AC +2) [Xom's mischief]
  3210 | Sewer    | Gained mutation: You are weak. (Str -2) [Xom's mischief]
  3569 | Sewer    | Reached XP level 8. HP: 72/72 MP: 7/7
  3571 | Sewer    | Reached skill level 5 in Dodging
  3647 | D:5      | XOM: mild Tmut miscast
  3667 | D:5      | Found a staircase to the Ecumenical Temple.
  3701 | D:5      | XOM: severe Erth miscast
  3785 | D:5      | Noticed Edmund
  3799 | D:5      | XOM: 1-stop teleportation journey
  3850 | D:5      | Noticed Grinder
  3881 | D:5      | XOM: summons 2 hostile shadow creatures
  4259 | D:6      | XOM: harmless Fire miscast
  4300 | D:6      | XOM: potion effect (might)
  4304 | D:6      | Reached skill level 7 in Unarmed Combat
  4421 | D:6      | XOM is BORED!
  4421 | D:6      | XOM: medium Tmut miscast
  4432 | D:6      | Found a burning altar of Makhleb.
  4503 | D:6      | Found a stormy altar of Qazlal.
  4646 | D:6      | Found a runed door.
  4650 | D:6      | Noticed Crazy Yiuf
  4659 | D:6      | Killed Crazy Yiuf
  4839 | D:7      | Found a sand-covered staircase.
  4846 | Ossuary  | Entered an ossuary
  4939 | Ossuary  | Reached XP level 9. HP: 80/80 MP: 8/8
  4952 | Ossuary  | XOM: blink monster(s)
  5105 | Ossuary  | XOM: divination: magic mapping
  5474 | D:7      | XOM: blink monster(s)
  5486 | D:7      | XOM: harmless Air miscast
  5515 | D:7      | XOM: noise
  5541 | D:7      | Reached skill level 8 in Unarmed Combat
  5648 | D:7      | XOM: fog
  5783 | D:7      | XOM: give mutations
  5783 | D:7      | Gained mutation: You are dopey. (Int -2) [Xom's mischief]
  5783 | D:7      | Lost mutation: You are dopey. (Int -2) [Xom's mischief]
  5783 | D:7      | Gained mutation: Scrolls take you a little longer to read.
                  | [Xom's mischief]
  5783 | D:7      | Lost mutation: You are weak. (Str -2) [Xom's mischief]
  5910 | D:7      | XOM is BORED!
  6386 | D:8      | XOM: stat loss: -1 Dex (11/12)
  6432 | D:8      | Found the +7 mace of Variability {chain chaos}
  6434 | D:8      | Found a shimmering altar of Xom.
  6439 | D:8      | XOM: enchant monster (good)
  6442 | D:8      | XOM: 2-stop teleportation journey
  6636 | D:8      | XOM: snakes to sticks
  6915 | D:8      | Reached skill level 9 in Unarmed Combat
  6915 | D:8      | Reached XP level 10. HP: 82/91 MP: 9/9
  7046 | D:8      | Found a runed gate.
  7046 | D:8      | Found a runed gate.
  7046 | D:8      | Found a runed gate.
  7050 | D:8      | Noticed Senri's ghost (novice DrTm)
  7053 | D:8      | Noticed HarryHood's ghost (novice GrBe)
  7217 | D:8      | XOM: give mutation
  7217 | D:8      | Gained mutation: You are agile. (Dex +2) [Xom's grace]
  7268 | D:9      | Noticed Maurice
  7273 | D:9      | Killed Maurice
  7299 | D:9      | Found a snail-covered altar of Cheibriados.
  7361 | D:9      | XOM: scenery: create altars
  7392 | D:9      | Found a flagged portal.
  7402 | Bailey   | Entered a bailey
  7408 | Bailey   | XOM: god gift: 43 gold pieces
  7477 | Bailey   | XOM: god gift: 37 gold pieces
  7481 | Bailey   | XOM: summons 2 friendly demons
  7507 | Bailey   | Shot with a bolt by an orc

Vault maps used:
D:1:      wheals_arrival_linesprint
D:2:      nicolae_ashenzari_panopticon, lemuel_flame_loot_1
D:3:      old_standard_altar, serial_glass, glass_columns_a, glass_columns_b,
          first_ration, st_stairs_12, kennysheep_orc_chapel
D:4:      lemuel_round_altar
D:5:      elyvilon_altar_3, temple_statues, lightli_sewer_entry_pipes,
          okawaru_gym_becter, uniq_edmund, uniq_grinder
D:6:      marbit_many_paths, nicolae_qazlal_eye_of_the_storm, minmay_liquid_box,
          uniq_crazy_yiuf_cottage
D:7:      nicolae_ossuary_entry_false_entrances
D:8:      gammafunk_ghost_cemetery, grunt_livestock, corexii_checkpoint_a,
          minmay_holes, minmay_guarded_unrand_variability
D:9:      slow_altar_2, gammafunk_temple_overflow_wave, enter_bailey_3,
          uniq_grum, uniq_maurice
Sewer:    sewer_frog_island_01
Ossuary:  ossuary_kennysheep_city_of_the_dead
Bailey:   bailey_polearm_2, bailey

Skill      XL: |  1  2  3  4  5  6  7  8  9 |
---------------+----------------------------+-----
Dodging        | 2 3 4 6 7 |  7.7
Fighting       | 3 4 5 6 7 |  7.9
Unarmed Combat | 4 5 6 7 9 |  9.4

Action                   |  1- 3 |  4- 6 |  7- 9 | 10-12 || total
-------------------------+-------+-------+-------+-------++-------
Melee: Unarmed           |    80 |   140 |   402 |    59 ||   681
       Punch             |     1 |     2 |    14 |     1 ||    18
       Kick              |     3 |    34 |    88 |    14 ||   139
       Quarterstaff      |       |       |     5 |       ||     5
 Abil: Blink             |       |     4 |       |       ||     4
Evoke: Wand              |       |       |       |     1 ||     1
  Use: Scroll            |     2 |     4 |     5 |     3 ||    14
       Potion            |     1 |     2 |     2 |       ||     5
 Stab: Sleeping          |     2 |       |     9 |     1 ||    12
       Distracted        |       |     1 |       |       ||     1
  Eat: Chunk             |    13 |    14 |    50 |     3 ||    80
Armor: Robe              |    25 |    80 |   117 |     9 ||   231
       Skin              |     3 |       |       |       ||     3
Dodge: Dodged            |    27 |    74 |   279 |    58 ||   438

Table legend:
 A = Non-vault XP
 B = Vault XP
 C = Vault XP percentage of total XP
 D = Non-vault monster count
 E = Vault monster count
 F = Vault count percentage of total count
                 A         B        C        D         E       F
            +---------+---------+-------+---------+---------+-------
      Total |    4440 |    2868 |  39.2 |     182 |      65 |  26.3
            +---------+---------+-------+---------+---------+-------
        D:1 |      26 |       0 |   0.0 |      15 |       0 |   0.0
        D:2 |     112 |       0 |   0.0 |      27 |       0 |   0.0
        D:3 |     501 |     130 |  20.6 |      36 |       5 |  12.2
        D:4 |     209 |       0 |   0.0 |      10 |       0 |   0.0
        D:5 |     342 |      65 |  16.0 |       9 |       8 |  47.1
        D:6 |     790 |     177 |  18.3 |      24 |       2 |   7.7
        D:7 |    1208 |       0 |   0.0 |      33 |       0 |   0.0
        D:8 |     948 |    1378 |  59.2 |      23 |       9 |  28.1
        D:9 |     304 |     434 |  58.8 |       5 |       5 |  50.0
      Sewer |       0 |     232 | 100.0 |       0 |      20 | 100.0
    Ossuary |       0 |     446 | 100.0 |       0 |      14 | 100.0
     Bailey |       0 |       6 | 100.0 |       0 |       2 | 100.0
            +---------+---------+-------+---------+---------+-------
